 Dungeon Crawl Stone Soup version 0.30-b1-2-g02819fbbbe (webtiles) character file.

Game seed: 808881168576840461

1484 raph the Digger (level 8, -2/44 HPs)
             Began as a Deep Elf Earth Elementalist on Jan 16, 2024.
             Was an Initiate of Vehumet.
             Slain by a yak (9 damage)
             ... on level 5 of the Dungeon.
             The game lasted 00:10:38 (6801 turns).

raph the Digger (Deep Elf Earth Elementalist)       Turns: 6801, Time: 00:10:38

Health: -2/44      AC:  6    Str:  5    XL:     8   Next: 50%
Magic:  1/19       EV: 14    Int: 23    God:    Vehumet [......]
Gold:   261        SH:  0    Dex: 15    Spells: 4/19 levels left

rFire   . . .        b - staff of conjuration
rCold   . . .        (no shield)
rNeg    . . .        e - +0 robe
rPois   .            (no helmet)
rElec   .            f - +1 cloak
rCorr   +            (no gloves)
SInv    .            h - +1 pair of boots
Will    .....        (no amulet)
Stlth   +++          c - ring of flight
HPRegen 0.27/turn    p - ring of resist corrosion
MPRegen 0.16/turn

%: no passive effects
@: flying
A: no striking features
a: Renounce Religion


You were on level 5 of the Dungeon.
You worshipped Vehumet.
Vehumet was noncommittal.
You visited 2 branches of the dungeon, and saw 6 of its levels.

You collected 261 gold pieces.

Inventory:

Hand Weapons
 a - a +1 sling of flaming
Missiles
 t - a throwing net
Armour
 e - a +0 robe (worn)
 f - a +1 cloak (worn)
 h - a +1 pair of boots (worn)
Magical Staves
 b - a staff of conjuration (weapon)
Jewellery
 c - a ring of flight (left hand)
 p - a ring of resist corrosion (right hand)
Wands
 l - a wand of digging (2)
 q - a wand of iceblast (6)
Scrolls
 j - 2 scrolls of teleportation
 r - a scroll of magic mapping
Potions
 d - a potion of heal wounds {unknown}
 g - 2 potions of flight
 i - a potion of magic
 k - a potion of brilliance
 m - 4 potions of curing
 n - a potion of resistance {unknown}
 o - 2 potions of attraction


   Skills:
 + Level 2.3 Fighting
 + Level 5.6 Dodging
 + Level 6.0 Stealth
 + Level 6.4 Spellcasting
 * Level 3.0 Conjurations
 - Level 1.1 Transmutations
 * Level 7.4 Earth Magic


You had 4 spell levels left.
You knew the following spells:

 Your Spells              Type           Power      Damage    Failure   Level
a - Sandblast             Erth           82%        2d17      1%          1
b - Passwall              Tmut/Erth      22%        N/A       2%          2
c - Stone Arrow           Conj/Erth      94%        3d12      2%          3
d - Petrify               Tmut/Erth      27%        N/A       14%         4
e - Iskenderun's Battles  Conj           32%        2d8       54%         5

Your spell library contained the following spells:

 Spells                   Type           Power      Damage    Failure   Level
 Beastly Appendage        Tmut           24%        N/A       5%          1
 Wereblood                Tmut           12%        N/A       8%          2
 Necrotise                Necr           28%        1d5       9%          1
 Ensorcelled Hibernation  Hex/Ice        14%        N/A       12%         2
 Lesser Beckoning         Tloc           14%        N/A       12%         2
 Spider Form              Tmut/Pois      9%         N/A       21%         3
 Gell's Gravitas          Tloc           7%         N/A       24%         3
 Teleport Other           Tloc           7%         N/A       24%         3
 Vampiric Draining        Necr           7%         2d6       24%         3
 Flame Wave               Conj/Fire      21%        2d8       41%         4
 Anguish                  Hex/Necr       3%         N/A       63%         4
 Agony                    Necr           7%         N/A       92%         5


Dungeon Overview and Level Annotations

Branches:
Dungeon (5/15)             Temple (1/1) D:5

Altars:
Dithmenos
Fedhas
Gozag
Nemelex Xobeh
Okawaru
Ru
Sif Muna
Trog
Vehumet
Zin

Shops:
D:2 :

Annotations:
D:5 2 runed translucent doors


Message History

You feel a surge of power!
The stone arrow hits the yak!!
You kill the yak!
Vehumet accepts your kill. The yak misses you.
Your Stealth skill increases to level 6!
Your Conjurations skill increases to level 3!
Casting: Stone Arrow (dangerous; 2% risk of failure)
Confirm with . or Enter, or press ? or * to list all spells.
Aiming: Stone Arrow (dangerous; 2% risk of failure)
Press: ? - help, Shift-Dir - straight line, f - yak
Aim: a yak (85% to hit)
You feel a surge of power!
The stone arrow hits the yak!!
The yak is heavily wounded.
The yak gores you but does no damage. The yak attacks as you move away!
The yak gores you. The yak attacks as you move away!
The yak gores you but does no damage.
Aiming: Sandblast (safe; 1% risk of failure)
Press: ? - help, Q - select action, (/) - cycle Shift-Dir - straight line, f/p - yak
Aim: a yak (heavily wounded, 91% to hit)
The blast of sand hits the yak.
The yak is severely wounded.
The yak gores you but does no damage.
You barely miss the yak.
The yak is severely wounded.
The yak barely misses you.
You hit the yak but do no damage.
The yak is severely wounded.
The yak gores you!
You barely miss the yak.
The yak is severely wounded.
The yak gores you!
* * * LOW HITPOINT WARNING * * *
The yak gores you.
* * * LOW HITPOINT WARNING * * *
Okay, then.
Okay, then.
Okay, then.
You feel better. The yak barely misses you. The yak attacks as you move away!
The yak gores you!
You die...

...........#...#..ooo+..#
...........#Y..#.######.#
....>.†....#.#.# #8†8
...........#.).## #...
...........#.#..######)..
...........#.#...........
...........#.#.)##.......
........Y..#.#...'.......
........@..#.#..##.......
........)..#....##.......
............#...###...####
.................#.........+...
...........................#...
...................#.....###...
.............[.....)...........
...........................####
...................####....#


You could see a yak.

Vanquished Creatures
  3 yaks (D:5)
  Edmund (D:4)
  An ice beast (D:5)
  A black bear (D:5)
  3 scorpions (D:4)
  2 hounds
  2 gnoll boudas
  An orc priest (D:4)
  A jelly (D:5)
  2 iguanas (D:4)
  Natasha (thrice) (D:2)
  An orc wizard (D:4)
  10 gnolls
  8 adders
  An ufetubus (D:4)
  3 worms
  3 dart slugs
  11 orcs
  4 ball pythons
  4 bats
  5 endoplasms
  4 giant cockroaches
  6 goblins
  7 hobgoblins
  3 quokkas
  4 frilled lizards
  8 kobolds
  9 rats
111 creatures vanquished.

Notes
Turn   | Place    | Note
-------+----------+-------------------------------------------
     0 | D:1      | raph the Deep Elf Earth Elementalist began the quest for
                  | the Orb.
     0 | D:1      | Reached XP level 1. HP: 10/10 MP: 6/6
    93 | D:1      | Got the Atlas of Battle Magic
   127 | D:1      | Reached XP level 2. HP: 15/15 MP: 5/8
   274 | D:1      | Learned a level 2 spell: Passwall
   719 | D:2      | Reached XP level 3. HP: 19/19 MP: 5/9
   723 | D:2      | Learned a level 3 spell: Stone Arrow
   766 | D:2      | Found Loixten's Book Emporium.
   874 | D:2      | Reached skill level 4 in Earth Magic
  1082 | D:2      | Noticed Natasha
  1092 | D:2      | Reached XP level 4. HP: 23/24 MP: 0/11
  1194 | D:2      | Killed Natasha
  1282 | D:2      | Noticed Natasha
  1283 | D:2      | Killed Natasha
  1290 | D:2      | Noticed Natasha
  1322 | D:2      | Killed Natasha
  1323 | D:2      | Reached XP level 5. HP: 27/28 MP: 6/13
  2531 | D:3      | Found a faded altar of an unknown god.
  2664 | D:3      | Reached skill level 5 in Earth Magic
  3949 | D:4      | Reached XP level 6. HP: 32/32 MP: 10/15
  3989 | D:4      | Learned a level 4 spell: Petrify
  4014 | D:4      | Noticed Edmund
  4020 | D:4      | Killed Edmund
  4028 | D:4      | Reached skill level 5 in Spellcasting
  4564 | D:4      | Reached skill level 6 in Earth Magic
  4583 | D:4      | Reached XP level 7. HP: 32/37 MP: 5/16
  4682 | D:4      | Reached skill level 1 in Fighting
  4746 | D:4      | Reached skill level 5 in Stealth
  5510 | D:5      | Entered Level 5 of the Dungeon
  5531 | D:5      | Reached skill level 5 in Dodging
  5573 | D:5      | Learned a level 5 spell: Iskenderun's Battlesphere
  5712 | D:5      | Identified the +4 sling of Unreason {speed, Drain Int+4
                  | Dex+3 Stlth+}
  5828 | D:5      | Found a staircase to the Ecumenical Temple.
  6010 | Temple   | Entered the Ecumenical Temple
  6115 | Temple   | Became a worshipper of Vehumet
  6185 | D:5      | Reached skill level 1 in Conjurations
  6271 | D:5      | Found a large runed translucent door.
  6271 | D:5      | Found a large runed translucent door.
  6314 | D:5      | Reached XP level 8. HP: 44/44 MP: 11/18
  6433 | D:5      | Reached skill level 7 in Earth Magic
  6799 | D:5      | HP: 2/44 [yak (4)]
  6801 | D:5      | Slain by a yak

Illustrated notes

Levels and vault maps discovered:
D:1:      lightli_arrival_boilingwater, layout_basic
D:2:      layout_loops_ring, serial_shops, shop, kennysheep_generic_room_16,
          uniq_natasha
D:3:      layout_loops_ring, shapermc_ecumenical_altar_flowoftime,
          nrook_campfire
D:4:      layout_basic, uniq_edmund
D:5:      layout_basic, jmf_multi_god_temple2, lemuel_temple_firewalk_b,
          hellmonk_bongcloud_opening
Temple:   nicolae_temple_two_arcs

Skill      XL: |  1  2  3  4  5  6  7  8 |
---------------+-------------------------+-----
Stealth        | 3 4 5 6 |  6.0
Dodging        | 3 4 5 |  5.6
Earth Magic    | 4 5 6 7 |  7.4
Spellcasting   | 4 5 6 |  6.4
Fighting       | 1 2 |  2.3
Conjurations   | 1 3 |  3.0
Transmutations | |  1.1

Action                     |  1- 3 |  4- 6 |  7- 9 || total
---------------------------+-------+-------+-------++-------
  Melee: Staff             |       |     8 |     4 ||    12
   Fire: Sling             |    23 |    12 |     4 ||    39
   Cast: Sandblast         |    20 |    21 |    17 ||    58
         Stone Arrow       |     9 |    48 |    37 ||    94
         Passwall          |       |     1 |       ||     1
         Petrify           |       |       |     1 ||     1
    Use: Scroll            |       |    10 |     6 ||    16
         Potion            |       |       |     1 ||     1
   Stab: Sleeping          |       |     1 |       ||     1
 Armour: Robe              |     5 |    11 |     6 ||    22
  Dodge: Dodged            |    16 |    30 |    15 ||    61
